 Dungeon Crawl Stone Soup version 0.25-a0-185-g6cfeca75b2 (webtiles) character file.

Game seed: 8320528201263774963, levelgen mode: deterministic

654 sankara the Ruffian (level 7, -3/52 HPs)
             Began as a Minotaur Transmuter on Nov 27, 2019.
             Splashed by an acid dragon's acid (14 damage)
             ... on level 4 of the Dungeon.
             The game lasted 00:22:19 (6107 turns).

sankara the Ruffian (Minotaur Transmuter)           Turns: 6107, Time: 00:22:20

Health: -3/52      AC: -1    Str: 15    XL:     7   Next: 29%
Magic:  8/8        EV: 14    Int: 12    God:
Gold:   208        SH:  0    Dex: 10    Spells: 5/8 levels left

rFire    + . .     SeeInvis .   b - +0 hunting sling
rCold    + . .     Gourm    .   (no shield)
rNeg     + . .     Faith    .   l - +0 robe
rPois    .         Spirit   .   (helmet restricted)
rElec    .         Reflect  .   y - scarf {rC+ rF+}
rCorr    .         Harm     .   x - +0 pair of gloves
MR       .....                  (no boots)
Stlth    +.........             (no amulet)
HPRegen  0.17/turn              w - ring of positive energy {rN+}
MPRegen  0.11/turn              A - ring of wizardry {Wiz+, !d}

@: corroded
A: retaliatory headbutt, horns 2
a: no special abilities


You were on level 4 of the Dungeon.
You were not hungry.

You visited 2 branches of the dungeon, and saw 5 of its levels.

You collected 208 gold pieces.

Inventory:

Hand Weapons
 b - a +0 hunting sling (weapon)
   (You found it on level 1 of the Dungeon)
 c - a +1 short sword of venom
   (You took it off a kobold on level 1 of the Dungeon)
 v - a +0 vampiric whip
   (You found it on level 4 of the Dungeon)
Missiles
 a - 35 arrows
 f - 58 poisoned darts
 o - 3 boomerangs
 r - 146 stones (quivered)
 C - 17 sling bullets
 D - 19 bolts
 H - 6 javelins
Armour
 l - a +0 robe (worn)
 p - a +0 pair of boots
   (You found it on level 1 of the Dungeon)
 x - a +0 pair of gloves (worn)
   (You found it on level 3 of the Dungeon)
 y - a scarf of resistance (worn)
   (You found it on level 3 of the Dungeon)
Jewellery
 w - a ring of positive energy (left hand) {rN+}
   (You found it on level 3 of the Dungeon)
 A - a ring of wizardry (right hand) {Wiz+, !d}
   (You took it off a kobold on level 3 of the Dungeon)
 G - an uncursed ring of stealth {Stlth+}
   (You found it on level 4 of the Dungeon)
Scrolls
 e - 3 scrolls of remove curse {unknown}
 i - 4 scrolls of identify {unknown}
 j - 3 scrolls of fog {unknown}
 k - a scroll of amnesia {unknown}
 n - 3 scrolls of teleportation {unknown}
 t - 2 scrolls of enchant weapon {unknown}
 u - 3 scrolls of magic mapping {unknown}
 E - 2 scrolls of fear {unknown}
 F - a scroll of noise {unknown}
Potions
 g - 2 potions of flight {unknown}
 h - a potion of mutation {unknown}
 m - a potion of cancellation {unknown}
 q - 2 potions of might {unknown}
 s - a potion of berserk rage {unknown}
 z - a potion of lignification {unknown}
 B - a potion of ambrosia {unknown}
Comestibles
 d - 5 rations


   Skills:
 - Level 1.2 Fighting
 + Level 5.4 Dodging
 + Level 6.0 Unarmed Combat
 - Level 1.3 Spellcasting
 + Level 4.0 Transmutations


You had 5 spell levels left.
You knew the following spells:

 Your Spells              Type           Power        Failure   Level  Hunger
a - Beastly Appendage     Tmut           ##....       2%          1    ##.....
b - Sticks to Snakes      Tmut           ##......     3%          2    ###....

Your spell library contained the following spells:

 Spells                   Type           Power        Failure   Level  Hunger
 Spider Form              Tmut/Pois      #.........   16%         3    ####...
 Ice Form                 Ice/Tmut       #.......     43%         4    #####..
 Blade Hands              Tmut           ##........   50%         5    ######.


Dungeon Overview and Level Annotations

Branches:
Dungeon (4/15)             Temple (1/1) D:4

Altars:
Ashenzari
Cheibriados
Dithmenos
Elyvilon
Fedhas
Gozag
Hepliaklqana
Kikubaaqudgha
Makhleb
Qazlal
Ru
Uskayaw
Wu Jian
Xom
Zin
The Shining One

Annotations:
D:4 4 runed translucent doors


Innate Abilities, Weirdness & Mutations

You reflexively headbutt those who attack you in melee.
You have a pair of horns on your head.


Message History

You start resting.
Your transformation is almost over.
You start resting.
Your talons disappear.
You start resting.
HP restored.
u - 3 scrolls labeled SORAUC NAMOWUV (gained 1)
An adder comes into view.
The adder hisses angrily.
The adder barely misses you.
You are now empty-handed.
Casting: Beastly Appendage (safe; 2% risk of failure)
Confirm with . or Enter, or press ? or * to list all spells.
Your feet morph into talons.
The adder bites you.
You are poisoned.
The adder poisons you!
You punch the adder!
You kill the adder!
You feel sick.
b - a +0 hunting sling (weapon)
You feel sick.
An ogre comes into view. It is wielding a +0 giant club.
The ogre shouts!
You hear a roar!
Casting: Beastly Appendage (safe; 2% risk of failure)
Confirm with . or Enter, or press ? or * to list all spells.
You create a snake!
You now have 38 arrows.
You feel sick.
You swap places.
Your ball python bites the ogre.
The ogre hits your ball python with a +0 giant club.
Your transformation is almost over.
Your ball python closely misses the ogre.
An acid dragon comes into view.
Your ball python bites the ogre.
The ogre closely misses your ball python.
Your ball python bites the ogre.
You feel sick.
There is an open door here.
You see here a sky beast corpse.
You feel sick.
You are no longer poisoned.
Your talons disappear.
Casting: Sticks to Snakes (safe; 3% risk of failure)
Confirm with . or Enter, or press ? or * to list all spells.
You create a snake!
You now have 37 arrows.
Your ball python completely misses the ogre.
Your ball python closely misses the ogre.
Casting: Sticks to Snakes (safe; 3% risk of failure)
Confirm with . or Enter, or press ? or * to list all spells.
You create a snake!
You now have 36 arrows.
Firing (i - inventory. (/) - cycle)
r - 147 stones (quivered)
Press: ? - help, Shift-Dir - straight line, f - ogre
Aim: an ogre, wielding a +0 giant club (lightly wounded)
Okay, then.
Your ball python bites the ogre but does no damage.
Firing (i - inventory. (/) - cycle)
r - 147 stones (quivered)
Press: ? - help, Shift-Dir - straight line, f - ogre
Aim: an ogre, wielding a +0 giant club (lightly wounded)
You shoot a stone. The stone hits the ogre.
The ogre is moderately wounded.
Your ball python bites the ogre.
Something closely misses your ball python.
Something barely misses your ball python.
Your ball python closely misses the ogre.
Something bites your ball python!
Your ball python dies!
Your ball python barely misses the ogre.
Something barely misses your ball python.
Something claws your ball python.
There is a stone staircase leading up, spattered with blood here.
The acid dragon spits acid at you.
The splash of acid hits your ball python!
Your ball python is splashed with acid.
The acid corrodes your ball python!
Your ball python dies!
Casting: Sticks to Snakes (safe; 3% risk of failure)
Confirm with . or Enter, or press ? or * to list all spells.
You create a snake!
You now have 35 arrows.
The ogre closely misses you.
Your ball python closely misses the ogre.
Your ball python bites the ogre.
Your ball python bites the ogre.
Your ball python barely misses the ogre.
There is an escape hatch in the ceiling here.
A mysterious force pulls you upwards. The hatch slams shut behind you.
There is a stone staircase leading down here.
You climb downwards.
Level annotation: 4 runed translucent doors
There is a stone staircase leading up here.
Magic restored.
The acid dragon roars!
The acid dragon is too close now for your liking.
The acid dragon spits acid at you. The splash of acid misses you.
The acid dragon spits acid at you. The splash of acid hits you.
The acid corrodes you!
You are splashed with acid!
The acid dragon spits acid at you. The splash of acid hits you!
You are splashed with acid!
The acid dragon spits acid at you. The splash of acid hits you!
* * * LOW HITPOINT WARNING * * *
You are splashed with acid!
You die...

.......###.#.###.##.#.#
.##..).........#.##.#.#
.###.....###D#.#.##.#.#
.........# #.#.#.##.#.#
.###.###.#
#..........########## .#
#.#
#.#####....[............#
.# #.#
#................######.#
.# #.#
#.>..####.##.###.###....#
.###.# #...##
#.@##b###........##
.....# #####
#.###.##...........
##...#####
#.....##.#####.#.##
.##......# #..#####>#
#.#.## #.#.).##.######..#
#.# #.#.##
#.#.#^##.........# #.#
#.#.## #S#.#.##########.#
#.# #.#.## #O#.#.# #.#
#.# #..... D##.#.# #.#
#.# ###..[


You could see an acid dragon.

Vanquished Creatures
  A sky beast (D:4)
  A centaur (D:4)
  A bullfrog (D:4)
  A scorpion (D:4)
  An orc priest (D:4)
  A centaur skeleton (D:4)
  An orc wizard (D:3)
  2 worker ants (D:4)
  3 gnolls
  9 adders
  An adder skeleton (D:4)
  A worm (D:4)
  4 dart slugs (D:1)
  3 leopard geckos
  11 orcs
  5 giant cockroaches
  7 goblins
  10 hobgoblins
  3 jackals (D:4)
  2 quokkas
  8 bats
  20 frilled lizards
  8 kobolds
  6 rats
110 creatures vanquished.

Vanquished Creatures (others)
  A kobold (D:3)
  2 plants (D:2)
3 creatures vanquished.

Grand Total: 113 creatures vanquished

Notes
Turn   | Place    | Note
-------+----------+-------------------------------------------
     0 | D:1      | sankara the Minotaur Transmuter began the quest for the
                  | Orb.
     0 | D:1      | Reached XP level 1. HP: 16/16 MP: 1/1
   319 | D:1      | HP: 1/16 [hobgoblin/+0 club (7)]
   656 | D:1      | Reached XP level 2. HP: 23/23 MP: 0/3
   660 | D:1      | Learned a level 2 spell: Sticks to Snakes
   945 | D:1      | Reached skill level 2 in Transmutations
  1002 | D:1      | Reached XP level 3. HP: 26/28 MP: 4/4
  1729 | D:2      | Reached skill level 3 in Dodging
  1729 | D:2      | Reached skill level 4 in Unarmed Combat
  1737 | D:2      | HP: 7/28 [poisoned by an adder]
  1744 | D:2      | HP: 5/28 [poisoned by an adder]
  1751 | D:2      | HP: 3/28 [poisoned by an adder]
  1759 | D:2      | HP: 2/28 [poisoned by an adder]
  2359 | D:2      | Reached XP level 4. HP: 35/35 MP: 5/5
  2432 | D:2      | Found a shimmering altar of Xom.
  3199 | D:3      | Found a white marble altar of Elyvilon.
  3350 | D:3      | Found a shadowy altar of Dithmenos.
  3474 | D:3      | Reached XP level 5. HP: 36/40 MP: 6/6
  3535 | D:2      | HP: 8/40 [gnoll/+0 flail (10)]
  3536 | D:2      | HP: 1/40 [gnoll/+0 flail (7)]
  4067 | D:3      | Reached skill level 4 in Dodging
  4067 | D:3      | Reached skill level 3 in Transmutations
  4459 | D:4      | Found a large runed translucent door.
  4459 | D:4      | Found a large runed translucent door.
  4503 | D:4      | Reached skill level 5 in Unarmed Combat
  4538 | D:4      | Reached XP level 6. HP: 45/47 MP: 5/7
  4566 | D:4      | Found a large runed translucent door.
  4566 | D:4      | Found a large runed translucent door.
  5102 | D:4      | Found a staircase to the Ecumenical Temple.
  5108 | Temple   | Entered the Ecumenical Temple
  5511 | D:4      | Reached skill level 5 in Dodging
  5514 | D:4      | Reached XP level 7. HP: 44/52 MP: 5/8
  5861 | D:4      | Reached skill level 6 in Unarmed Combat
  5861 | D:4      | Reached skill level 4 in Transmutations
  6107 | D:4      | HP: 11/52 [acid dragon/splash of acid (10)]
  6107 | D:4      | Splashed by an acid dragon's acid

Levels and vault maps discovered:
D:1:      sevenhm_arrival_forest_fort_small_5, layout_basic
D:2:      layout_basic, lemuel_round_altar, first_ration, moated_statue,
          grunt_decor_arrowhead, minmay_lizard_king
D:3:      layout_loops_ring, elyvilon_altar_4, nicolae_dithmenos_shadow_blocks,
          minmay_vboxes
D:4:      layout_loops_ring, minmay_temple_entry_butterflies,
          minmay_hollow_rounded_squares
Temple:   nicolae_temple_god_jail

Skill      XL: |  1  2  3  4  5  6  7 |
---------------+----------------------+-----
Transmutations | 2 3 4 |  4.0
Dodging        | 3 4 5 |  5.4
Unarmed Combat | 4 5 6 |  6.0
Fighting       | |  1.2
Spellcasting   | |  1.3

Action                   |  1- 3 |  4- 6 |  7- 9 || total
-------------------------+-------+-------+-------++-------
Melee: Unarmed           |    50 |   154 |    12 ||   216
       Headbutt          |     8 |    16 |     1 ||    25
       Kick              |     6 |    31 |     2 ||    39
       Short sword       |    28 |       |       ||    28
       Punch             |       |     5 |       ||     5
 Fire: Hunting sling     |    20 |    59 |     1 ||    80
Throw: Dart              |    10 |     2 |       ||    12
 Cast: Beastly Appendage |    14 |    37 |     3 ||    54
       Sticks to Snakes  |       |       |     4 ||     4
 Stab: Sleeping          |     1 |       |       ||     1
  Eat: Chunk             |     5 |    10 |       ||    15
       Ration            |       |       |     1 ||     1
Armor: Robe              |    16 |    20 |     3 ||    39
Dodge: Dodged            |    55 |    94 |     6 ||   155

Table legend:
 A = Non-vault XP
 B = Vault XP
 C = Vault XP percentage of total XP
 D = Non-vault monster count
 E = Vault monster count
 F = Vault count percentage of total count
                 A         B        C        D         E       F
            +---------+---------+-------+---------+---------+-------
      Total |     546 |     389 |  41.6 |      92 |      18 |  16.4
            +---------+---------+-------+---------+---------+-------
        D:1 |      58 |       0 |   0.0 |      32 |       0 |   0.0
        D:2 |     106 |      11 |   9.4 |      22 |       9 |  29.0
        D:3 |     114 |      21 |  15.6 |      19 |       5 |  20.8
        D:4 |     268 |     357 |  57.1 |      19 |       4 |  17.4
            +---------+---------+-------+---------+---------+-------

Levels and vault maps discovered:
D:1:      sevenhm_arrival_forest_fort_small_5, layout_basic
D:2:      layout_basic, lemuel_round_altar, first_ration, moated_statue,
          grunt_decor_arrowhead, minmay_lizard_king
D:3:      layout_loops_ring, elyvilon_altar_4, nicolae_dithmenos_shadow_blocks,
          minmay_vboxes
D:4:      layout_loops_ring, minmay_temple_entry_butterflies,
          minmay_hollow_rounded_squares
Temple:   nicolae_temple_god_jail

Table legend:
 A = Turns spent in this place as a percentage of turns spent in the entire game.
 B = Non-inter-level travel turns spent in this place as a percentage of non-inter-level travel turns spent in the entire game.
 C = Inter-level travel turns spent in this place as a percentage of turns spent in this place.
 D = Turns resting spent in this place as a percentage of non-inter-level travel turns spent in this place.
 E = Turns spent auto-exploring this place as a percentage of non-inter-level travel turns spent in this place.
 F = Non-inter-level travel turns spent in this place divided by the number of levels of this place that you've seen.
                   A       B       C       D       E      F
               +-------+-------+-------+-------+-------+----------------------
         Total | 100.0 | 100.0 |   2.8 |  36.0 |  44.6 | 1186.6
       Dungeon |  99.2 |  99.4 |   2.7 |  36.2 |  44.3 | 1474.2
        Temple |   0.8 |   0.6 |  25.0 |   0.0 |  94.4 |  36.0
               +-------+-------+-------+-------+-------+----------------------

Table legend:
 A = Kills in this place as a percentage of kills in entire the game.
 B = Kills by you in this place as a percentage of kills by you in the entire game.
 C = Kills by friends in this place as a percentage of kills by friends in the entire game.
 D = Other kills in this place as a percentage of other kills in the entire game.
 E = Experience gained in this place as a percentage of experience gained in the entire game.
 F = Experience gained in this place divided by the number of levels of this place that you have seen.
                   A       B       C       D       E      F
               +-------+-------+-------+-------+-------+----------------------
         Total | 100.0 | 100.0 |   N/A |   N/A | 100.0 | 187.0
       Dungeon | 100.0 | 100.0 |   N/A |   N/A | 100.0 | 233.8
               +-------+-------+-------+-------+-------+----------------------
